 Dungeon Crawl Stone Soup version 0.20.0-4-g10b340a (webtiles) character file.

661 Hasart the Cudgeler (level 7, -2/66 HPs)
             Began as a Gargoyle Fighter on May 28, 2017.
             Slain by a wolf (7 damage)
             ... on level 5 of the Dungeon.
             The game lasted 00:08:54 (3693 turns).

Hasart the Cudgeler (Gargoyle Fighter)              Turns: 3693, Time: 00:08:55

Health: -2/66      AC: 17    Str: 25    XL:     7   Next: 56%
Magic:  7/7        EV:  9    Int:  9    God:
Gold:   115        SH: 10    Dex: 10    Spells: 6/6 levels left

rFire    . . .     SeeInvis .   a - +0 flail
rCold    . . .     Gourm    .   c - +0 shield
rNeg     + . .     Faith    .   t - +0 swamp dragon scales
rPois    ∞         Spirit   .   (no helmet)
rElec    +         Reflect  .   r - +0 cloak (curse)
rCorr    .         Harm     .   q - +2 pair of gloves
MR       .....                  (no boots)
Stlth    ..........             (no amulet)
Regen    0.3/turn               (no ring)
MPRegen  0.1/turn               (no ring)

@: mighty, berserking, very quick
A: negative energy resistance 1, electricity resistance, unbreathing,
petrification resistance, rot immunity, AC +4
a: no special abilities


You were on level 5 of the Dungeon.
You were not hungry.

You visited 2 branches of the dungeon, and saw 6 of its levels.

You collected 115 gold pieces.

Inventory:

Hand Weapons
 a - a +0 flail (weapon)
Armour
 c - a +0 shield (worn)
 q - a +2 pair of gloves (worn)
 r - a cursed +0 cloak (worn)
 t - +0 swamp dragon scales (worn)
Wands
 z - a wand of flame (34/48)
Scrolls
 e - 3 scrolls of remove curse {unknown}
 g - a scroll of immolation {unknown}
 h - 2 scrolls of random uselessness {unknown}
 i - 2 scrolls of identify {unknown}
 k - 2 scrolls of teleportation {unknown}
 o - a scroll of fear {unknown}
 p - 2 scrolls of enchant armour {unknown}
 v - 2 scrolls of recharging {unknown}
 y - a scroll of magic mapping {unknown}
 A - a scroll of amnesia {unknown}
Potions
 s - a potion of heal wounds {unknown}
 u - a potion of degeneration {unknown}
 w - a potion of ambrosia {unknown}
 B - a potion of lignification {unknown}
Books
 b - a book of Callings

   Spells                             Type                      Level
   a - Summon Small Mammal            Summoning                    1
   b - Call Imp                       Summoning                    2
   c - Call Canine Familiar           Summoning                    3
   d - Summon Guardian Golem          Hexes/Summoning              3
   e - Summon Lightning Spire         Summoning/Air                4
   f - Summon Ice Beast               Ice/Summoning                4
Comestibles
 f - 4 bread rations
 j - a royal jelly
 m - 4 fruits
 x - a meat ration
 C - a chunk of flesh


   Skills:
 + Level 4.5 Fighting
 * Level 5.1 Maces & Flails
 + Level 4.8 Armour
 + Level 2.4 Dodging
 + Level 4.7 Shields


You had 6 spell levels left.
You didn't know any spells.

Dungeon Overview and Level Annotations

Branches:
Dungeon (5/15)             Temple (1/1) D:5

Altars:
Cheibriados
Dithmenos
Kikubaaqudgha
Makhleb
Nemelex Xobeh
Qazlal
Ru
Trog
Uskayaw
Vehumet
Yredelemnul

Shops:
D:4 :

Annotations:
D:4 2 transporters, Menkaure


Innate Abilities, Weirdness & Mutations

You are resistant to torment.
Your stone body is resilient. (AC +4)
You are immune to poison.
You resist negative energy. (rN+)
You are resistant to electric shocks. (rElec)
You can survive without breathing.
You are immune to petrification.
You are immune to rotting.


Message History

Grum hits you with a glaive of venom.
* * * LOW HITPOINT WARNING * * *
You feel better. The wolf bites you but does no damage.
You block the wolf's attack. Grum hits you with a glaive of venom!
* * * LOW HITPOINT WARNING * * *
It was a potion of berserk rage.
A red film seems to cover your vision as you go berserk!
You feel yourself moving faster!
You feel mighty! The wolf closely misses you.
The wolf bites you but does no damage.
You closely miss Grum.
Grum is severely wounded.
You block Grum's attack. The wolf barely misses you.
You closely miss Grum.
Grum is severely wounded.
The wolf bites you but does no damage.
You thump Grum!
You kill Grum!
Your Maces & Flails skill increases to level 5!
The wolf bites you!
You die...

..................#.......
....#.#..##...............
......#. #####...........
#.#.#.# ##..............
......# ................
.###### ................
.# ....##..........
...####.........
..##..@......... ..
#.)h......... ####..#+++#.
..## ..# ..# .... ..


You could see a wolf.

Vanquished Creatures
  Grum (D:5)
  A sky beast (D:4)
  A howler monkey (D:5)
  A gnoll shaman (D:5)
  4 hounds (D:5)
  2 orc wizards
  A hound zombie (D:5)
  A hound skeleton (D:5)
  6 adders
  An ooze (D:1)
  A worm (D:2)
  4 dart slugs
  4 orcs (D:4)
  2 giant cockroaches
  7 hobgoblins
  9 jackals
  2 quokkas (D:2)
  7 bats
  3 frilled lizards
  13 goblins
  11 kobolds
  A quokka skeleton (D:5)
  A quokka zombie (D:5)
  7 rats
91 creatures vanquished.

Notes
Turn   | Place    | Note
-------+----------+-------------------------------------------
     0 | D:1      | Hasart the Gargoyle Fighter began the quest for the Orb.
     0 | D:1      | Reached XP level 1. HP: 14/14 MP: 1/1
   102 | D:1      | Reached XP level 2. HP: 19/19 MP: 2/2
   428 | D:1      | Reached XP level 3. HP: 20/23 MP: 3/3
  1363 | D:2      | Reached skill level 3 in Maces & Flails
  1363 | D:2      | Reached XP level 4. HP: 23/28 MP: 4/4
  1556 | D:2      | Reached skill level 1 in Dodging
  2258 | D:3      | Reached XP level 5. HP: 33/33 MP: 5/5
  2332 | D:4      | Found an ancient bone altar of Kikubaaqudgha.
  2332 | D:4      | Noticed a sky beast
  2381 | D:4      | Killed a sky beast
  2676 | D:4      | Found Zewi's Book Boutique.
  2741 | D:4      | Reached XP level 6. HP: 38/38 MP: 6/6
  2757 | D:4      | Found a basalt altar of Yredelemnul.
  2758 | D:4      | Noticed Menkaure
  2772 | D:4      | Noticed a hungry ghost
  2906 | D:4      | Reached skill level 4 in Maces & Flails
  2981 | D:5      | Entered Level 5 of the Dungeon
  3225 | D:5      | Found a staircase to the Ecumenical Temple.
  3238 | Temple   | Entered the Ecumenical Temple
  3468 | D:5      | Reached XP level 7. HP: 19/43 MP: 7/7
  3670 | D:5      | Noticed Grum
  3693 | D:5      | Killed Grum
  3693 | D:5      | Reached skill level 5 in Maces & Flails
  3693 | D:5      | Slain by a wolf

Skill      XL: |  1  2  3  4  5  6  7 |
---------------+----------------------+-----
Maces & Flails | 3 4 5 |  5.1
Dodging        | 1 2 |  2.4
Armour         | 4 |  4.8
Shields        | 4 |  4.7
Fighting       | 4 |  4.5

Action                   |  1- 3 |  4- 6 |  7- 9 || total
-------------------------+-------+-------+-------++-------
Melee: Flail             |   134 |   270 |    27 ||   431
  Use: Potion            |       |       |     6 ||     6
  Eat: Chunk             |     2 |     4 |     2 ||     8
       Royal jelly       |       |     1 |       ||     1
Armor: Scale mail        |    60 |    35 |       ||    95
       Swamp dragon scal |       |   124 |    13 ||   137
Dodge: Dodged            |    27 |    92 |    14 ||   133
Block: Shield            |    88 |   155 |    21 ||   264
